[ AOE2 MATCH · #505874198 ]
UnrankedJurchens vs Burgundians
Player's team · LOSS
[ REPLAY ANALYSIS · EXTRACTED FROM THE RECORDED GAME ]
Feudal
9:18
Castle
22:02
Imperial
41:03
| APM avg | 59.4 |
| APM peak | 99 |
| eAPM avg | 23.3 |
| Villagers / military | 130 / 274 |
Focus
⚔️ 42.7% · 🌾 57.3%
Scout Cavalry ×111 · Fire Lancer ×87 · Steppe Lancer ×73 · Trebuchet (Packed) ×3
Feudal
9:21
Castle
20:37
Imperial
38:57
| APM avg | 42.1 |
| APM peak | 70 |
| eAPM avg | 21.1 |
| Villagers / military | 158 / 220 |
Focus
⚔️ 44.1% · 🌾 55.9%
Scout Cavalry ×86 · Knight ×64 · Hand Cannoneer ×45 · Spearman ×11 · Monk ×10 · Trebuchet (Packed) ×4
Match map
Initial resources + every placement click. Lines = walls · curves = elevation contours. ◆ gold · ⬟ stone · ● berries · ✦ relic · ◌ wall gap
Your base· ✓ Closed at 22:02 · 14t walls · 1 gate(s)
Ju1cel0rd's base· ✓ Closed at 20:37 · 10t walls · 1 gate(s)
Smoothed initial terrain · ◌ = detected wall gap · hover for details
Inputs per minute
— Lukeario23 - - Ju1cel0rd
Build order — Lukeario23
First 150 of 586 actions detected
| 0:00 | Queue | Villager (Male) |
| 0:00 | Queue | Villager (Male) |
| 0:01 | Queue | Villager (Male) |
| 0:02 | Build | House |
| 0:04 | Build | House |
| 1:07 | Queue | Villager (Male) |
| 1:27 | Queue | Villager (Male) |
| 1:45 | Build | Lumber Camp |
| 1:58 | Queue | Villager (Male) |
| 2:11 | Queue | Villager (Male) |
| 2:42 | Queue | Villager (Male) |
| 3:07 | Queue | Villager (Male) |
| 3:34 | Queue | Villager (Male) |
| 3:49 | Build | House |
| 3:54 | Queue | Villager (Male) |
| 3:54 | Queue | Villager (Male) |
| 4:40 | Build | Mill |
| 4:53 | Queue | Villager (Male) |
| 4:53 | Queue | Villager (Male) |
| 5:37 | Research | Loom |
| 6:17 | Queue | Villager (Male) |
| 6:43 | Queue | Villager (Male) |
| 6:59 | Research | Feudal Age |
| 7:52 | Build | Barracks |
| 8:35 | Build | House |
| 8:53 | Queue | Villager (Male) |
| 9:18 | Age | Feudal Age |
| 9:20 | Build | Stable |
| 9:26 | Research | Double-Bit Axe |
| 9:32 | Build | House |
| 9:36 | Queue | Villager (Male) |
| 9:40 | Research | Horse Collar |
| 9:50 | Queue | Scout Cavalry |
| 9:51 | Queue | Scout Cavalry |
| 9:53 | Queue | Villager (Male) |
| 10:07 | Build | House |
| 10:17 | Queue | Villager (Male) |
| 10:21 | Build | House |
| 10:35 | Queue | Villager (Male) |
| 10:52 | Queue | Villager (Male) |
| 10:54 | Queue | Scout Cavalry |
| 10:54 | Queue | Scout Cavalry |
| 11:12 | Queue | Villager (Male) |
| 11:15 | Build | House |
| 11:28 | Queue | Scout Cavalry |
| 11:36 | Build | Farm |
| 11:37 | Build | Farm |
| 11:42 | Build | Farm |
| 11:50 | Queue | Villager (Male) |
| 11:54 | Build | Blacksmith |
| 12:06 | Queue | Scout Cavalry |
| 12:13 | Build | House |
| 12:17 | Build | Farm |
| 12:24 | Build | Farm |
| 12:27 | Queue | Villager (Male) |
| 12:41 | Build | Farm |
| 12:43 | Build | Farm |
| 12:47 | Build | Farm |
| 12:50 | Queue | Villager (Male) |
| 12:52 | Build | Farm |
| 12:56 | Queue | Villager (Male) |
| 13:02 | Queue | Scout Cavalry |
| 13:25 | Build | House |
| 13:27 | Queue | Villager (Male) |
| 13:33 | Build | Farm |
| 13:36 | Build | Farm |
| 13:48 | Build | House |
| 13:58 | Queue | Scout Cavalry |
| 14:01 | Research | Scale Barding Armor |
| 14:06 | Build | House |
| 14:11 | Queue | Villager (Male) |
| 14:14 | Build | Farm |
| 14:18 | Build | House |
| 14:39 | Build | Palisade Wall |
| 14:44 | Build | Mining Camp |
| 14:44 | Queue | Villager (Male) |
| 14:45 | Queue | Villager (Male) |
| 14:51 | Build | House |
| 14:55 | Build | Palisade Wall |
| 15:03 | Queue | Scout Cavalry |
| 15:16 | Build | Palisade Wall |
| 15:17 | Build | Palisade Wall |
| 15:31 | Queue | Scout Cavalry |
| 15:32 | Queue | Villager (Male) |
| 15:35 | Build | Farm |
| 15:38 | Build | Farm |
| 15:43 | Build | Farm |
| 16:01 | Queue | Scout Cavalry |
| 16:02 | Queue | Villager (Male) |
| 16:02 | Queue | Villager (Male) |
| 16:17 | Queue | Villager (Male) |
| 16:33 | Queue | Scout Cavalry |
| 16:33 | Queue | Scout Cavalry |
| 16:34 | Queue | Scout Cavalry |
| 16:45 | Queue | Villager (Male) |
| 16:50 | Build | Stable |
| 17:05 | Queue | Villager (Male) |
| 17:18 | Queue | Villager (Male) |
| 17:23 | Build | Farm |
| 17:29 | Build | Farm |
| 17:47 | Queue | Villager (Male) |
| 17:57 | Build | Farm |
| 18:22 | Build | Market |
| 18:37 | Queue | Villager (Male) |
| 19:21 | Research | Castle Age |
| 19:28 | Build | Stable |
| 19:39 | Build | Palisade Gate |
| 19:49 | Research | Forging |
| 20:14 | Build | House |
| 20:16 | Build | House |
| 20:23 | Build | Palisade Wall |
| 20:25 | Build | Palisade Wall |
| 20:47 | Build | House |
| 20:50 | Build | Palisade Wall |
| 20:52 | Build | Palisade Wall |
| 20:53 | Build | Palisade Wall |
| 20:54 | Build | Palisade Wall |
| 21:01 | Build | Palisade Wall |
| 21:13 | Research | Bloodlines |
| 21:25 | Build | Farm |
| 21:26 | Build | Farm |
| 21:31 | Build | Farm |
| 21:51 | Build | Farm |
| 21:53 | Build | Farm |
| 21:57 | Research | Wheelbarrow |
| 22:02 | Age | Castle Age |
| 22:09 | Research | Iron Casting |
| 22:13 | Queue | Steppe Lancer |
| 22:13 | Queue | Steppe Lancer |
| 22:13 | Queue | Steppe Lancer |
| 22:21 | Queue | Villager (Male) |
| 22:43 | Build | Lumber Camp |
| 22:48 | Queue | Steppe Lancer |
| 22:48 | Queue | Steppe Lancer |
| 22:48 | Queue | Steppe Lancer |
| 22:48 | Queue | Steppe Lancer |
| 22:54 | Queue | Villager (Male) |
| 23:33 | Queue | Steppe Lancer |
| 23:33 | Queue | Steppe Lancer |
| 23:33 | Queue | Steppe Lancer |
| 23:34 | Queue | Steppe Lancer |
| 23:39 | Build | Town Center |
| 23:44 | Queue | Villager (Male) |
| 23:45 | Queue | Villager (Male) |
| 23:50 | Build | Farm |
| 24:02 | Research | Husbandry |
| 24:19 | Queue | Villager (Male) |
| 24:31 | Queue | Steppe Lancer |
| 24:31 | Queue | Steppe Lancer |
| 24:31 | Queue | Steppe Lancer |
Build order — Ju1cel0rd
First 150 of 394 actions detected
| 0:01 | Queue | Villager (Male) ×4 |
| 0:02 | Build | House |
| 0:04 | Build | House |
| 1:28 | Queue | Villager (Male) |
| 1:46 | Queue | Villager (Male) |
| 1:58 | Build | Lumber Camp |
| 2:27 | Queue | Villager (Male) |
| 2:27 | Queue | Villager (Male) |
| 2:43 | Queue | Villager (Male) |
| 3:08 | Build | House |
| 3:21 | Build | House |
| 3:35 | Queue | Villager (Male) |
| 4:01 | Queue | Villager (Male) |
| 4:20 | Build | Mill |
| 4:32 | Queue | Villager (Male) |
| 4:51 | Queue | Villager (Male) |
| 5:07 | Queue | Villager (Male) |
| 5:45 | Queue | Villager (Male) |
| 5:45 | Queue | Villager (Male) |
| 5:49 | Research | Loom |
| 7:11 | Research | Feudal Age |
| 7:22 | Research | Double-Bit Axe |
| 8:00 | Build | Barracks |
| 8:39 | Build | House |
| 8:50 | Build | Palisade Gate |
| 8:53 | Build | Palisade Wall |
| 8:54 | Build | Palisade Wall |
| 9:21 | Age | Feudal Age |
| 9:26 | Build | Stable |
| 9:49 | Queue | Spearman |
| 9:53 | Queue | Villager (Male) |
| 9:53 | Queue | Villager (Male) |
| 9:58 | Research | Bow Saw |
| 10:06 | Queue | Scout Cavalry |
| 10:07 | Queue | Scout Cavalry |
| 10:07 | Queue | Scout Cavalry |
| 10:09 | Queue | Villager (Male) |
| 10:52 | Build | Mining Camp |
| 10:54 | Queue | Villager (Male) |
| 11:29 | Queue | Scout Cavalry |
| 11:32 | Queue | Spearman |
| 11:40 | Queue | Villager (Male) |
| 11:40 | Queue | Villager (Male) |
| 11:43 | Build | House |
| 11:49 | Build | Mining Camp |
| 11:50 | Research | Horse Collar |
| 11:52 | Queue | Villager (Male) |
| 12:22 | Build | House |
| 12:22 | Build | House |
| 12:24 | Build | House |
| 12:35 | Build | Farm |
| 12:35 | Build | Farm |
| 12:35 | Build | Farm |
| 12:35 | Build | Farm |
| 12:36 | Build | Farm |
| 12:54 | Queue | Villager (Male) |
| 12:55 | Queue | Villager (Male) |
| 13:09 | Build | Farm |
| 13:12 | Build | Farm |
| 13:14 | Build | Blacksmith |
| 13:31 | Queue | Spearman |
| 13:32 | Queue | Spearman |
| 13:48 | Build | Palisade Wall |
| 13:53 | Build | Palisade Wall |
| 13:55 | Build | Palisade Wall |
| 14:02 | Build | Palisade Wall |
| 14:04 | Build | Palisade Wall |
| 14:23 | Queue | Villager (Male) |
| 14:24 | Queue | Villager (Male) |
| 14:24 | Queue | Villager (Male) |
| 14:24 | Queue | Villager (Male) |
| 14:28 | Build | Farm |
| 14:36 | Build | Farm |
| 14:41 | Build | Farm |
| 14:50 | Build | House |
| 15:33 | Research | Heavy Plow |
| 15:41 | Build | House |
| 15:47 | Build | Farm |
| 15:53 | Build | Farm |
| 15:56 | Build | Farm |
| 16:04 | Queue | Villager (Male) |
| 16:07 | Queue | Villager (Male) |
| 16:46 | Build | Farm |
| 16:51 | Build | Palisade Wall |
| 16:52 | Build | Palisade Wall |
| 16:54 | Build | Palisade Wall |
| 17:01 | Queue | Spearman |
| 17:02 | Queue | Spearman |
| 17:02 | Queue | Spearman |
| 17:22 | Build | Farm |
| 17:23 | Build | Farm |
| 17:24 | Build | Farm |
| 17:27 | Build | Farm |
| 17:57 | Research | Castle Age |
| 18:00 | Queue | Spearman |
| 18:17 | Queue | Spearman |
| 18:38 | Queue | Scout Cavalry |
| 18:39 | Queue | Scout Cavalry |
| 19:49 | Queue | Spearman |
| 19:50 | Queue | Spearman |
| 20:37 | Age | Castle Age |
| 20:42 | Research | Husbandry |
| 20:48 | Build | Monastery |
| 20:50 | Queue | Villager (Male) ×5 |
| 20:56 | Build | Town Center |
| 21:12 | Research | Light Cavalry (upgrade) |
| 21:16 | Queue | Villager (Male) ×5 |
| 21:18 | Research | Two-Man Saw |
| 21:20 | Build | Lumber Camp |
| 21:38 | Queue | Knight |
| 21:39 | Queue | Knight |
| 21:44 | Queue | Monk |
| 21:46 | Research | Fervor |
| 22:07 | Research | Scale Barding Armor |
| 22:43 | Queue | Villager (Male) |
| 22:43 | Queue | Villager (Male) |
| 22:43 | Queue | Villager (Male) |
| 22:43 | Queue | Villager (Male) |
| 23:14 | Build | Town Center |
| 23:32 | Queue | Knight |
| 23:32 | Queue | Knight |
| 23:41 | Queue | Villager (Male) ×5 |
| 23:57 | Build | Farm |
| 23:58 | Build | Farm |
| 24:13 | Research | Forging |
| 24:34 | Queue | Monk |
| 24:35 | Queue | Villager (Male) ×3 |
| 24:46 | Build | Farm |
| 24:46 | Build | Farm |
| 24:46 | Build | Farm |
| 24:47 | Build | Farm |
| 24:47 | Build | Farm |
| 24:47 | Build | Farm |
| 24:47 | Build | Farm |
| 24:48 | Build | Farm |
| 25:22 | Build | Monastery |
| 25:38 | Queue | Knight |
| 25:43 | Queue | Villager (Male) |
| 25:43 | Queue | Villager (Male) |
| 25:43 | Queue | Villager (Male) |
| 25:43 | Queue | Villager (Male) |
| 25:44 | Queue | Villager (Male) ×5 |
| 26:01 | Queue | Monk |
| 26:03 | Build | Lumber Camp |
| 26:07 | Build | House |
| 26:29 | Queue | Knight |
| 26:29 | Queue | Knight |
| 26:43 | Build | House |
| 26:44 | Build | House |
| 26:44 | Build | House |
Match timeline
| 7:52 | Lukeario23 · first_building Barracks |
| 8:00 | Ju1cel0rd · first_building Barracks |
| 8:53 | Ju1cel0rd · wall_segment Palisade Wall x1 |
| 8:54 | Ju1cel0rd · wall_segment Palisade Wall x1 |
| 9:18 | Lukeario23 · age_up feudal |
| 9:20 | Lukeario23 · first_building Stable |
| 9:21 | Ju1cel0rd · age_up feudal |
| 9:26 | Ju1cel0rd · first_building Stable |
| 13:48 | Ju1cel0rd · wall_segment Palisade Wall x1 |
| 13:53 | Ju1cel0rd · wall_segment Palisade Wall x1 |
| 13:55 | Ju1cel0rd · wall_segment Palisade Wall x1 |
| 14:02 | Ju1cel0rd · wall_segment Palisade Wall x1 |
| 14:04 | Ju1cel0rd · wall_segment Palisade Wall x1 |
| 14:39 | Lukeario23 · wall_segment Palisade Wall x1 |
| 14:55 | Lukeario23 · wall_segment Palisade Wall x4 |
| 15:16 | Lukeario23 · wall_segment Palisade Wall x1 |
| 15:17 | Lukeario23 · wall_segment Palisade Wall x1 |
| 16:51 | Ju1cel0rd · wall_segment Palisade Wall x1 |
| 16:52 | Ju1cel0rd · wall_segment Palisade Wall x1 |
| 16:54 | Ju1cel0rd · wall_segment Palisade Wall x1 |
| 20:23 | Lukeario23 · wall_segment Palisade Wall x3 |
| 20:25 | Lukeario23 · wall_segment Palisade Wall x1 |
| 20:37 | Ju1cel0rd · age_up castle |
| 20:48 | Ju1cel0rd · first_building Monastery |
| 20:50 | Lukeario23 · wall_segment Palisade Wall x1 |
| 20:52 | Lukeario23 · wall_segment Palisade Wall x1 |
| 20:53 | Lukeario23 · wall_segment Palisade Wall x1 |
| 20:54 | Lukeario23 · wall_segment Palisade Wall x1 |
| 21:01 | Lukeario23 · wall_segment Palisade Wall x1 |
| 22:02 | Lukeario23 · age_up castle |
| 28:46 | Lukeario23 · first_market_buy 100 wood |
| 28:51 | Lukeario23 · first_market_sell 100 wood |
| 29:13 | Ju1cel0rd · first_market_buy 100 stone |
| 31:41 | Ju1cel0rd · wall_segment Stone Wall x1 |
| 32:13 | Ju1cel0rd · wall_segment Stone Wall x4 |
| 32:15 | Ju1cel0rd · wall_segment Stone Wall x1 |
| 32:17 | Ju1cel0rd · wall_segment Stone Wall x1 |
| 32:43 | Ju1cel0rd · wall_segment Stone Wall x1 |
| 32:45 | Ju1cel0rd · wall_segment Stone Wall x1 |
| 34:56 | Lukeario23 · first_building Monastery |
| 35:13 | Ju1cel0rd · first_market_sell 100 wood |
| 36:01 | Ju1cel0rd · first_building Castle |
| 36:25 | Ju1cel0rd · first_building Archery Range |
| 38:57 | Ju1cel0rd · age_up imperial |
| 41:03 | Lukeario23 · age_up imperial |
| 43:58 | Ju1cel0rd · wall_segment Stone Wall x6 |
| 47:47 | Lukeario23 · first_building Castle |
| 52:07 | Lukeario23 · resign |
[ AI ANALYSIS · 1 CREDIT ]
What really happened in this match?
Wolo.gg analyzes every decision: build order, eco, micro, common mistakes by bracket. Personalized analysis on WhatsApp or Discord in 30 seconds.
Civ guide
Jurchens
Perfil
Jugador #20364060